 Dungeon Crawl Stone Soup version 0.30.0-29-ga12c61a403 (webtiles) character file.

Game seed: 3323199074032292805

41 cheesebisquit the Shield-Bearer (level 3, -6/36 HPs)
             Began as a Troll Fighter on June 14, 2023.
             Mangled by a gnoll
             ... wielding a +1 heavy halberd
              (19 damage)
             ... on level 2 of the Dungeon.
             The game lasted 00:03:22 (1429 turns).

cheesebisquit the Shield-Bearer (Troll Fighter)     Turns: 1429, Time: 00:03:22

Health: -6/36      AC:  4    Str: 24    XL:     3   Next: 32%
Magic:  2/2        EV:  8    Int:  6    God:
Gold:   63         SH:  7    Dex:  9    Spells: 2/2 levels left

rFire   . .          .
                       - Unarmed
rCold   . . .        b - +0 kite shield
rNeg    . . .        a - +0 robe
rPois   .            (helmet restricted)
rElec   .            (no cloak)
rCorr   .            (gloves unavailable)
SInv    .            (boots unavailable)
Will    .....        h - amulet of regeneration
Stlth   +            (no ring)
HPRegen 1.86/turn    (no ring)
MPRegen 0.08/turn

%: no passive effects
@: mighty
A: large, unfitting armour, claws 3, regeneration 1, shaggy fur 1, tough skin 1
a: no special abilities


You were on level 2 of the Dungeon.
You visited 1 branch of the dungeon, and saw 2 of its levels.

You collected 63 gold pieces.

Inventory:

Hand Weapons
 g - a +2 whip of electrocution
Armour
 a - a +0 robe (worn)
 b - a +0 kite shield (worn)
Jewellery
 h - an amulet of regeneration (around neck)
Scrolls
 d - a scroll of fear {unknown}
 e - 2 scrolls of identify {unknown}
 i - a scroll of enchant weapon {unknown}
 j - a scroll of teleportation {unknown}
Potions
 c - a potion of might
 f - a potion of attraction {unknown}


   Skills:
 + Level 2.7 Fighting
 - Level 2.4 Dodging
 + Level 3.0 Shields
 * Level 3.0 Unarmed Combat


You had 2 spell levels left.
You didn't know any spells.
Your spell library contained the following spells:

 Spells                   Type           Power      Damage    Failure   Level
 Kiss of Death            Conj/Necr      0%         2d5       73%         1
 Confusing Touch          Hex            0%         N/A       97%         3
 Dispel Undead            Necr           0%         3d6       100%        4


Dungeon Overview and Level Annotations

Branches:
Dungeon (2/15)

Altars:


Innate Abilities, Weirdness & Mutations

You are too large for most types of armour.
You have claws for hands.
Your natural rate of healing is unusually fast.
You are covered in fur. (AC +1)
You have tough skin. (AC +1)


Message History

An endoplasm comes into view. x2
The kobold hits you with a +0 club.
A gnoll comes into view. It is wielding a +0 whip.
You barely miss the kobold. The kobold closely misses you.
You barely miss the kobold. The kobold hits you with a +0 club.
The endoplasm freezes you.
You are frozen.
There are monsters nearby!
The kobold throws a stone.
The stone hits you.
You claw the endoplasm!
You kill the endoplasm!
The kobold throws a stone.
You block the stone.
You claw the hobgoblin!
You kill the hobgoblin!
The kobold throws a stone.
The stone hits you but does no damage.
You barely miss the endoplasm. You block the endoplasm's attack.
You claw the endoplasm!
You kill the endoplasm!
You barely miss the kobold. You block the kobold's attack.
The gnoll barely misses you.
You claw the kobold!
You kill the kobold!
The gnoll completely misses you. The gnoll hits you with a +0 club.
You scratch the gnoll.
The gnoll is lightly wounded.
The gnoll hits you with a +0 club.
The gnoll hits you from afar with a +1 heavy halberd!!
Ouch! That really hurt!
* * * LOW HITPOINT WARNING * * *
You barely miss the gnoll.
The gnoll is lightly wounded.
The gnoll barely misses you.
You feel very mighty all of a sudden. You block the gnoll's attack.
The gnoll barely misses you.
You claw the hobgoblin!
You kill the hobgoblin!
You block the gnoll's attack.
The gnoll hits you from afar with a +1 heavy halberd!!
Ouch! That really hurt!
You die...

.........#
.......$#
....... .....#
....# .#
#.###J.##...#
#...ggw.....#
#####g###...#
### ##@# # ..#
#..# ..# #.##
..# ###.# ..##
##...# ...##
#..### ....#
#.## '##.#
####.#
.##.#####....#


You could see a worm, 3 gnolls and an endoplasm.

Vanquished Creatures
  3 dart slugs (D:1)
  2 ball pythons (D:1)
  5 endoplasms
  2 giant cockroaches (D:1)
  5 goblins (D:1)
  4 hobgoblins
  A quokka (D:1)
  3 bats
  3 kobolds
  4 rats
32 creatures vanquished.

Notes
Turn   | Place    | Note
-------+----------+-------------------------------------------
     0 | D:1      | cheesebisquit the Troll Fighter began the quest for the
                  | Orb.
     0 | D:1      | Reached XP level 1. HP: 22/22 MP: 0/0
   339 | D:1      | Reached XP level 2. HP: 29/29 MP: 1/1
  1022 | D:1      | Reached XP level 3. HP: 36/36 MP: 2/2
  1429 | D:2      | Mangled by a gnoll

Illustrated notes

Levels and vault maps discovered:
D:1:      minmay_arrival_diagonal_passages, layout_basic,
          serial_co_window_serial, co_window_paths_a,
          co_window_of_opportunity_a, co_window_paths_b,
          co_window_of_opportunity_a, co_window_corner_a, co_window_broadway_b,
          co_window_corner_cb, co_window_paths_c, co_window_of_opportunity_b,
          co_window_2corner, co_window_corner_b, co_window_paths_e,
          co_window_sun, glass_columns_b, glass_columns_b, glass_columns_a,
          glass_columns_a, minmay_misc_feat_square, minmay_octomino_c4
D:2:      layout_basic, uniq_jessica

Skill      XL: |  1  2  3 |
---------------+----------+-----
Shields        | 3 |  3.0
Unarmed Combat | 3 |  3.0
Fighting       | |  2.7
Dodging        | |  2.4

Action                     || total
---------------------------++-------
  Melee: Unarmed           ||    70
    Use: Potion            ||     1
 Armour: Robe              ||    16
  Dodge: Dodged            ||    22
  Block: Kite shield       ||    16
